 Dungeon Crawl Stone Soup version 0.21.1-1-g345015f (webtiles) character file.

627 CougarLife the Ruffian (level 7, -3/67 HPs)
             Began as a Troll Monk on June 5, 2018.
             Killed from afar by Ijyb (20 damage)
             ... with a wand of acid (6)
             ... on level 5 of the Dungeon.
             The game lasted 00:05:07 (2994 turns).

CougarLife the Ruffian (Troll Monk)                 Turns: 2994, Time: 00:05:08

Health: -3/67      AC:  4    Str: 20    XL:     7   Next: 23%
Magic:  6/6        EV: 11    Int:  8    God:
Gold:   239        SH:  0    Dex: 12    Spells: 6/6 levels left

rFire    . . .     SeeInvis .     - Unarmed
rCold    . . .     Gourm    +   (no shield)
rNeg     . . .     Faith    .   a - +0 robe
rPois    .         Spirit   .   t - +2 hat
rElec    .         Reflect  .   e - +0 cloak
rCorr    .         Harm     .   (gloves unavailable)
MR       .....                  (boots unavailable)
Stlth    ++........             (no amulet)
HPRegen  0.61/turn              (no ring)
MPRegen  0.10/turn              (no ring)

@: corroded, slowed, very slow
A: large, unfitting armour, claws 3, fast metabolism 3, gourmand, regeneration
1, shaggy fur 1, tough skin 2
a: no special abilities


You were on level 5 of the Dungeon.
You were very full.

You visited 1 branch of the dungeon, and saw 5 of its levels.

You collected 239 gold pieces.

Inventory:

Armour
 a - a +0 robe (worn)
 e - a +0 cloak (worn)
 t - a +2 hat (worn)
Jewellery
 d - a +3 ring of intelligence
Wands
 j - a wand of polymorph (4)
 k - a wand of random effects (18)
Scrolls
 c - 3 scrolls of identify
 f - a scroll of immolation {unknown}
 g - 3 scrolls of enchant armour
 h - 3 scrolls of remove curse
 n - 4 scrolls of teleportation
 o - a scroll of blinking {unknown}
 q - 2 scrolls of amnesia {unknown}
 r - a scroll of magic mapping {unknown}
 s - a scroll of enchant weapon {unknown}
Potions
 i - 2 potions of agility
 l - a potion of curing
 m - 2 potions of flight
 p - a potion of berserk rage
Comestibles
 b - 10 rations


   Skills:
 - Level 3.0 Fighting
 - Level 3.0 Dodging
 - Level 1.0 Stealth
 + Level 7.9 Unarmed Combat


You had 6 spell levels left.
You didn't know any spells.

Dungeon Overview and Level Annotations

Branches:
Dungeon (5/15)
 Temple: D:4-7

Altars:
Dithmenos
Elyvilon
Hepliaklqana
Trog

Annotations:
D:2 Jessica
D:5 Ijyb


Innate Abilities, Weirdness & Mutations

You are too large for most types of armour.
You have claws for hands.
Your metabolism is lightning-fast.
You like to eat raw meat.
Your natural rate of healing is unusually fast.
You are covered in fur. (AC +1)
You have very tough skin. (AC +2)


Message History

You claw the orc wizard!
You kill the orc wizard!
Ijyb barely misses you. The orc misses you.
You scratch Ijyb but do no damage.
Ijyb zaps a wand.
The bolt of acid hits you!
You are splashed with acid!
The acid burns!
It is a wand of acid (7).
The orc hits you but does no damage. Ijyb barely misses you.
You are too injured to fight recklessly!
You are too injured to fight recklessly!
You are too injured to fight recklessly!
You scratch Ijyb.
Ijyb is moderately wounded.
Ijyb zaps a wand.
The bolt of acid hits you! The acid corrodes you!
You are splashed with acid!
The acid burns!
* * * LOW HITPOINT WARNING * * *
The orc hits you with a hand axe.
* * * LOW HITPOINT WARNING * * *
You claw Ijyb!
Ijyb is severely wounded.
Ijyb zaps a wand.
The bolt of acid hits you!
You die...

.. #. ## #. .# #. .. #
#.## .# .## #.## #
##.##.. ##.## #.##....#
# ##.#####.#.g).# .#
##........@o## #.##
##.##.####.(..##
#..###.###.####.....#)
#...#.###...##.......#
#.>............?.....#
.....####...##........#
##...# ##.#####.#.#..#
#...# .?... #...#..#
#...# #.....# ##.## .#


You could see Ijyb and an orc.

Vanquished Creatures
  Grinder (D:3)
  The ghost of krixvar the Shield-Bearer, an amateur HuFi (D:3)
  4 orc wizards
  Terence (D:2)
  A worker ant (D:4)
  Robin (D:3)
  4 gnolls (D:2)
  2 adders
  3 worms
  A leopard gecko (D:1)
  2 orcs (D:2)
  A ball python (D:4)
  A giant cockroach (D:1)
  12 goblins
  9 hobgoblins
  4 jackals (D:3)
  5 quokkas
  5 bats
  4 frilled lizards
  6 kobolds
  4 rats
72 creatures vanquished.

Notes
Turn   | Place    | Note
-------+----------+-------------------------------------------
     0 | D:1      | CougarLife the Troll Monk began the quest for the Orb.
     0 | D:1      | Reached XP level 1. HP: 22/22 MP: 0/0
   140 | D:1      | Reached XP level 2. HP: 29/29 MP: 1/1
   578 | D:2      | Found a shadowy altar of Dithmenos.
   579 | D:2      | Found a bloodstained altar of Trog.
  1127 | D:2      | Noticed Jessica
  1138 | D:2      | Reached XP level 3. HP: 37/37 MP: 2/2
  1469 | D:2      | Reached XP level 4. HP: 31/45 MP: 3/3
  1508 | D:3      | Noticed Terence
  1515 | D:2      | Reached skill level 4 in Unarmed Combat
  1600 | D:2      | Killed Terence
  1631 | D:3      | Reached XP level 5. HP: 44/53 MP: 4/4
  1642 | D:3      | Reached skill level 5 in Unarmed Combat
  1719 | D:3      | Found a white marble altar of Elyvilon.
  1721 | D:3      | Noticed Robin
  1769 | D:3      | Killed Robin
  1908 | D:3      | Found a hazy altar of Hepliaklqana.
  2305 | D:3      | Noticed Grinder
  2306 | D:3      | Noticed krixvar's ghost (amateur HuFi)
  2322 | D:3      | Killed Grinder
  2322 | D:3      | Reached skill level 6 in Unarmed Combat
  2322 | D:3      | Reached XP level 6. HP: 61/61 MP: 5/5
  2328 | D:3      | Killed krixvar's ghost
  2328 | D:3      | Reached skill level 7 in Unarmed Combat
  2328 | D:3      | Reached XP level 7. HP: 67/67 MP: 6/6
  2954 | D:5      | Entered Level 5 of the Dungeon
  2984 | D:5      | Noticed Ijyb
  2994 | D:5      | Killed from afar by Ijyb

Skill      XL: |  1  2  3  4  5  6 |
---------------+-------------------+-----
Fighting       | 3 |  3.0
Dodging        | 3 |  3.0
Unarmed Combat | 4 6 7 |  7.9
Stealth        | |  1.0

Action                   |  1- 3 |  4- 6 |  7- 9 || total
-------------------------+-------+-------+-------++-------
Melee: Unarmed           |    63 |   119 |    25 ||   207
       Punch             |     1 |     3 |     1 ||     5
  Use: Potion            |       |     1 |       ||     1
       Scroll            |       |       |     8 ||     8
 Stab: Sleeping          |     3 |     1 |     1 ||     5
       Confused          |       |     1 |       ||     1
  Eat: Chunk             |    14 |    13 |     5 ||    32
Armor: Robe              |    15 |    47 |     7 ||    69
       Skin              |       |     2 |       ||     2
Dodge: Dodged            |    32 |    93 |    12 ||   137
